 Dungeon Crawl Stone Soup version 0.28.0-53-g5a82cb258f (webtiles) character file.

Game seed: 9465050926152536995

91 LynnLen the Sneak (level 4, -1/24 HPs)
             Began as a Vampire Enchanter on Aug 16, 2022.
             Slain by a hound (4 damage)
             ... on level 4 of the Dungeon.
             The game lasted 00:06:46 (2453 turns).

LynnLen the Sneak (Vampire Enchanter)               Turns: 2453, Time: 00:06:47

Health: -1/24      AC:  3    Str:  7    XL:     4   Next: 33%
Magic:  7/7        EV: 11    Int: 17    God:
Gold:   101        SH:  0    Dex: 16    Spells: 1/7 levels left

rFire   . . .      SeeInvis +   a - +1 dagger
rCold   + + .      Faith    .   (no shield)
rNeg    + + +      Spirit   .   e - +0 leather armour
rPois   ∞          Reflect  .   (no helmet)
rElec   .          Harm     .   (no cloak)
rCorr   .          Rampage  .   (no gloves)
Will    .....                   (no boots)
Stlth   +++++.....              j - amulet of magic regeneration
HPRegen 0.00/turn               (no ring)
MPRegen 0.50/turn               (no ring)

@: bloodless, inhibited regen
A: bloodless, fangs 3, see invisible, vampiric 2
a: Bat Form, Revivify


You were on level 4 of the Dungeon.
You visited 1 branch of the dungeon, and saw 4 of its levels.

You collected 101 gold pieces.

Inventory:

Hand Weapons
 a - a +1 dagger (weapon)
Missiles
 d - 41 sling bullets
Armour
 b - a +0 robe
 e - a +0 leather armour (worn)
Jewellery
 j - an amulet of magic regeneration (around neck)
 l - a ring of willpower
Scrolls
 h - a scroll of identify
 i - 2 scrolls of fear
 k - a scroll of vulnerability {unknown}
 m - a scroll of holy word {unknown}
Potions
 c - a potion of attraction
 f - a potion of mutation
 g - a potion of curing {unknown}


   Skills:
 + Level 3.3 Short Blades
 - Level 2.1 Dodging
 + Level 6.4 Stealth
 - Level 2.0 Spellcasting
 - Level 4.4 Hexes


You had one spell level left.
You knew the following spells:

 Your Spells              Type           Power      Damage    Failure   Level
a - Confusing Touch       Hex            16%        N/A       14%         3
b - Tukima's Dance        Hex            16%        N/A       14%         3

Your spell library contained the following spells:

 Spells                   Type           Power      Damage    Failure   Level
 Beastly Appendage        Tmut           2%         N/A       28%         1
 Ensorcelled Hibernation  Hex/Ice        18%        N/A       19%         2
 Dazzling Flash           Conj/Hex       18%        N/A       34%         3
 Inner Flame              Hex/Fire       9%         N/A       34%         3
 Wereblood                Tmut           1%         N/A       41%         2
 Cause Fear               Hex            8%         N/A       43%         4
 Spider Form              Tmut/Pois      1%         N/A       65%         3
 Discord                  Hex            8%         N/A       100%        8


Dungeon Overview and Level Annotations

Branches:
Dungeon (4/15)
 Temple: D:4-7

Altars:

Shops:
D:1 :


Innate Abilities, Weirdness & Mutations

You do not regenerate when monsters are visible.
You are frail without blood (-20% HP).
You can heal yourself when you bite living creatures.
You are immune to poison.
You have razor-sharp teeth.
You have supernaturally acute eyesight. (SInv)
You are afflicted with vampirism and can become a bat while bloodless.


Message History

Found a scroll labelled YMOLEGG NOUTI.
m - a scroll labelled YMOLEGG NOUTI
Found a scroll labelled KYDOHIHIVE.
A hound comes into view.
You see here 18 gold pieces.
The hound misses you.
You hit the hound. Your bite misses the hound.
The hound is lightly wounded.
The hound bites you. The hound barely misses you.
You hit the hound.
The hound is lightly wounded.
The hound bites you.
You hit the hound.
The hound is moderately wounded.
The hound bites you.
You hit the hound but do no damage. Your bite misses the hound.
The hound is moderately wounded.
The hound barely misses you. The hound bites you but does no damage.
You hit the hound but do no damage.
The hound is moderately wounded.
The hound bites you but does no damage.
You hit the hound.
The hound is moderately wounded.
The hound bites you.
You closely miss the hound.
The hound is moderately wounded.
The hound closely misses you.
You closely miss the hound.
The hound is moderately wounded.
The hound bites you but does no damage.
You miss the hound.
The hound is moderately wounded.
The hound bites you.
* * * LOW HITPOINT WARNING * * *
The hound bites you.
* * * LOW HITPOINT WARNING * * *
You miss the hound.
The hound is moderately wounded.
The hound bites you.
You die...

#####.####.#####
#..............#
#.###.###..#.###
#.# #......#.#
#.#
####...#.###.#
######.#
#............#
#......#
#.##..########
#.###### #
#...$h### #.#
#....@..# '.#
#?....#.# ###
#.##### # # #. #
## ####.##
....... ####.##
####.#


You could see a hound.

Vanquished Creatures
  A jelly (D:4)
  A howler monkey skeleton (D:4)
  2 dart slugs
  7 endoplasms
  2 giant cockroaches
  7 goblins
  5 hobgoblins
  4 kobolds
  6 ball pythons
  2 bats
  5 frilled lizards
  5 rats
47 creatures vanquished.

Notes
Turn   | Place    | Note
-------+----------+-------------------------------------------
     0 | D:1      | LynnLen the Vampire Enchanter began the quest for the Orb.
     0 | D:1      | Reached XP level 1. HP: 13/13 MP: 3/3
   129 | D:1      | Found Vubosedgh's Book Emporium.
   215 | D:1      | Reached XP level 2. HP: 15/19 MP: 5/5
   298 | D:1      | Reached skill level 5 in Stealth
   594 | D:2      | Found a faded altar of an unknown god.
   813 | D:2      | Gained mutation: You are afflicted with vampirism and can
                  | become a bat while bloodless. [Vampire growth]
   813 | D:2      | Reached XP level 3. HP: 24/24 MP: 6/6
   817 | D:2      | Learned a level 3 spell: Confusing Touch
   849 | D:2      | Learned a level 3 spell: Tukima's Dance
  2335 | D:4      | Reached skill level 6 in Stealth
  2335 | D:4      | Reached XP level 4. HP: 24/24 MP: 7/7
  2453 | D:4      | Slain by a hound

Illustrated notes

Levels and vault maps discovered:
D:1:      heliophobic_arrival_dark_side_of_the_moon, layout_rooms, serial_shops,
          nicolae_shop_stone
D:2:      layout_rooms, basic_ecumenical_altar
D:3:      layout_basic
D:4:      minmay_clustersquares, layout_basic, minmay_temple_entry_mist,
          grunt_ministairs_3, sigmund_edmund_badplayer, uniq_eustachio

Skill      XL: |  1  2  3 |
---------------+----------+-----
Stealth        | 5 6 |  6.4
Short Blades   | 2 3 |  3.3
Dodging        | |  2.1
Spellcasting   | |  2.0
Hexes          | |  4.4

Action                   |  1- 3 |  4- 6 || total
-------------------------+-------+-------++-------
Melee: Dagger            |   140 |    24 ||   164
       Bite              |    13 |     3 ||    16
 Cast: Tukima's Dance    |     2 |       ||     2
 Abil: Exsanguinate      |     1 |       ||     1
  Use: Scroll            |     6 |       ||     6
       Potion            |     2 |       ||     2
 Stab: Sleeping          |    12 |       ||    12
Armor: Leather armour    |    22 |     7 ||    29
Dodge: Dodged            |    57 |     8 ||    65
